 Dungeon Crawl Stone Soup version 0.29-a0-284-gf9362112df (webtiles) character file.

Game seed: 11713268655234576882

7 sammy202020 the Skirmisher (level 1, 0/27 HPs)
             Began as a Demonspawn Berserker on Mar 23, 2022.
             Was a Follower of Trog.
             Succumbed to Sigmund's poison
             ... on level 2 of the Dungeon.
             The game lasted 00:00:59 (1169 turns).

sammy202020 the Skirmisher (Demonspawn Berserker)   Turns: 1169, Time: 00:01:00

Health: 0/27       AC:  6    Str: 17    XL:     1   Next: 91%
Magic:  1/1        EV: 10    Int:  8    God:    Trog [*.....]
Gold:   27         SH:  0    Dex: 12    Spells: 0/0 levels left

rFire   . . .      SeeInvis .   a - +0 hand axe
rCold   . . .      Faith    .   (no shield)
rNeg    . . .      Spirit   .   h - +0 scale mail
rPois   .          Reflect  .   (no helmet)
rElec   .          Harm     .   (no cloak)
rCorr   .          Rampage  .   (no gloves)
Will    +....                   (no boots)
Stlth   ..........              (no amulet)
HPRegen 0.09/turn               g - ring of willpower
MPRegen 0.07/turn               (no ring)

@: berserking, lethally poisoned (0 -> -5), very quick
A: no striking features
a: Renounce Religion, Berserk


You were on level 2 of the Dungeon.
You worshipped Trog.
Trog was aware of your devotion.
You visited 1 branch of the dungeon, and saw 2 of its levels.

You collected 27 gold pieces.

Inventory:

Hand Weapons
 a - a +0 hand axe (weapon)
Missiles
 e - 3 poisoned darts (quivered)
Armour
 h - a +0 scale mail (worn)
Jewellery
 g - a ring of willpower (left hand)
Scrolls
 d - a scroll of enchant armour {unknown}
 f - a scroll of fog {unknown}
 i - a scroll of amnesia {unknown}
Potions
 b - a potion of curing {unknown}
 c - a potion of brilliance {unknown}


   Skills:
 * Level 3.2 Fighting
 + Level 2.7(2.8) Axes
 + Level 0.2(1.6) Maces & Flails
 * Level 2.0 Armour
 - Level 1.7 Dodging


You couldn't memorise any spells.
You didn't know any spells.
Your spell library was empty.

Dungeon Overview and Level Annotations

Branches:
Dungeon (2/15)

Altars:

Annotations:
D:2 Sigmund


Message History

You climb downwards.
Sigmund shouts!
There is a stone staircase leading up here.
Sigmund is nearby!
Sigmund closely misses you.
You hit Sigmund.
Sigmund is lightly wounded.
You hit Sigmund but do no damage.
Sigmund is lightly wounded.
Sigmund hits you with a +1 scythe of venom.
You are poisoned.
You completely miss Sigmund.
Sigmund is lightly wounded.
You feel very sick.
Sigmund hits you with a +1 scythe of venom!
Ouch! That really hurt!
* * * LOW HITPOINT WARNING * * *
You are too injured to fight recklessly!
You are too injured to fight recklessly!
You are too injured to fight recklessly!
You are too injured to fight recklessly!
You are too injured to fight recklessly!
You are too injured to fight recklessly!
You are too injured to fight recklessly!
You are too injured to fight recklessly!
You are too injured to fight recklessly!
You are too injured to fight recklessly!
You are too injured to fight recklessly!
You are too injured to fight recklessly!
You are too injured to fight recklessly!
You are too injured to fight recklessly!
You are too injured to fight recklessly!
Unknown command.
A red film seems to cover your vision as you go berserk!
You feel yourself moving faster!
You feel mighty!
* * * LOW HITPOINT WARNING * * *
You feel sick. Sigmund closely misses you.
You barely miss Sigmund.
Sigmund is lightly wounded.
You die...

###########
#..@@<....#
#.##.####.#
#.. ####


You could see Sigmund.

Vanquished Creatures
  An endoplasm (D:1)
  A hobgoblin (D:1)
  3 kobolds (D:1)
  2 frilled lizards (D:1)
  A rat (D:1)
8 creatures vanquished.

Vanquished Creatures (others)
  4 toadstools (D:1)
4 creatures vanquished.

Grand Total: 12 creatures vanquished

Notes
Turn   | Place    | Note
-------+----------+-------------------------------------------
     0 | D:1      | sammy202020 the Demonspawn Berserker began the quest for
                  | the Orb.
     0 | D:1      | Reached XP level 1. HP: 18/18 MP: 1/1
  1163 | D:2      | Noticed Sigmund
  1168 | D:2      | HP: 1/27 [poisoned by Sigmund]
  1169 | D:2      | Succumbed to Sigmund's poison

Illustrated notes

Levels and vault maps discovered:
D:1:      ldierk_water_garden, layout_loops_corners
D:2:      layout_basic, basic_altar, dreamdust_ecumenical_altar_statues,
          small_statue_intersection, uniq_sigmund

Skill      XL: |  1 |
---------------+----+-----
Armour         | 2 |  2.0
Fighting       | |  3.2
Axes           | |  2.7
Maces & Flails | |  0.2
Dodging        | |  1.7

Action                   || total
-------------------------++-------
Melee: Hand axe          ||    19
Invok: Berserk           ||     1
  Use: Scroll            ||     1
Armor: Scale mail        ||     5
       Animal skin       ||     4
Dodge: Dodged            ||     5

Table legend: (Time is in decaauts)
 A = Elapsed time spent in this place.
 B = Non-inter-level travel time spent in this place.
 C = Inter-level travel time spent in this place.
 D = Time resting spent in this place.
 E = Time spent auto-exploring this place.
 F = Levels seen in this place.
 G = Mean time per level.
                   A        B        C        D        E       F      G
               +--------+--------+--------+--------+--------+-----+--------+
         Total |   1176 |   1176 |      0 |      0 |   1028 |   2 |  588.0 |
       Dungeon |   1176 |   1176 |      0 |      0 |   1028 |   2 |  588.0 |
               +--------+--------+--------+--------+--------+-----+--------+

Top non-repeatable levels by time:
     D:1: 1170 daAuts
     D:2: 6 daAuts
